 Dungeon Crawl Stone Soup version 0.25-a0-24-g72dcfe0 (webtiles) character file.

Game seed: 15639576942469445665, levelgen mode: deterministic

6826 DrEnzyme the Basher (level 11, -5/53 HPs)
             Began as a Vine Stalker Wanderer on Oct 16, 2019.
             Was an Initiate of Ru.
             Slain by a wraith (9 damage)
             ... led by Josephine
             ... on level 9 of the Dungeon.
             The game lasted 00:27:33 (8285 turns).

DrEnzyme the Basher (Vine Stalker Wanderer)         Turns: 8285, Time: 00:27:33

Health: -5/53      AC: 14    Str: 18    XL:     11   Next: 5%
Magic:  0/15       EV: 12    Int: 13    God:    Ru [......]
Gold:   477        SH:  0    Dex: 13    Spells: 14/15 levels left

rFire    . . .     SeeInvis +   a - +3 morningstar (venom)
rCold    + . .     Gourm    .   (no shield)
rNeg     . . .     Faith    .   e - +2 ring mail {rC+}
rPois    .         Spirit   +   u - +0 helmet
rElec    .         Reflect  .   q - +2 cloak
rCorr    .         Harm     .   (no gloves)
MR       ++...                  y - +0 pair of boots
Stlth    ++........             t - amulet of the acrobat
HPRegen  0.57/turn              d - ring of see invisible
MPRegen  0.14/turn              z - ring of protection from magic

@: slowed, very slow
A: fangs 3, regeneration 1, magic shield, antimagic bite, no potion heal 3, rot
immunity
a: Renounce Religion


You were on level 9 of the Dungeon.
You worshipped Ru.
Ru was noncommittal.
You were hungry.

You visited 2 branches of the dungeon, and saw 11 of its levels.

You collected 477 gold pieces.

Inventory:

Hand Weapons
 a - a +3 morningstar of venom (weapon)
 b - a +0 flail of holy wrath
 F - a +3 flail of freezing
Missiles
 s - 12 javelins (quivered)
 v - 43 poisoned darts
Armour
 e - a +2 ring mail of cold resistance (worn)
 q - a +2 cloak (worn)
 u - a +0 helmet (worn)
 y - a +0 pair of boots (worn)
Jewellery
 d - a ring of see invisible (left hand)
 i - an uncursed ring of fire
 r - an uncursed amulet of harm
 t - an amulet of the acrobat (around neck)
 z - a ring of protection from magic (right hand)
Wands
 B - a wand of random effects (20)
 E - a wand of flame (17)
Scrolls
 c - 3 scrolls of teleportation
 g - 4 scrolls of fear
 h - 6 scrolls of remove curse
 p - a scroll of blinking
 D - a scroll of amnesia
Potions
 j - a potion of curing
 k - 2 potions of brilliance
 l - a potion of heal wounds {unknown}
 m - 2 potions of resistance
 n - a potion of agility {unknown}
 o - 2 potions of might
 w - a potion of flight {unknown}
 x - a potion of berserk rage {unknown}
 C - a potion of haste
Comestibles
 f - 20 rations
 A - a chunk of flesh


   Skills:
 + Level 3.9 Fighting
   Level 3.9(7.7) Axes
 * Level 10.3(10.6) Maces & Flails
 + Level 3.8 Throwing
 * Level 6.3 Armour
 + Level 2.8 Dodging
 + Level 3.5 Stealth
 + Level 2.5 Spellcasting
 + Level 4.0 Hexes
   Level 2.0 Transmutations
 + Level 1.0 Evocations


You had 14 spell levels left.
You knew the following spells:

 Your Spells              Type           Power        Failure   Level  Hunger
a - Corona                Hex            ##.....      8%          1    #......

Your spell library contained the following spells:

 Spells                   Type           Power        Failure   Level  Hunger
 Confusing Touch          Hex            ##....       8%          1    #......
 Confuse                  Hex            ##......     24%         3    ###....
 Tukima's Dance           Hex            ##......     24%         3    ###....
 Ensorcelled Hibernation  Hex/Ice        #.....       26%         2    ###....
 Animate Skeleton         Necr           N/A          38%         1    #......
 Apportation              Tloc           #.....       38%         1    #......
 Magic Dart               Conj           #...         38%         1    #......
 Summon Small Mammal      Summ           #...         38%         1    #......
 Dazzling Spray           Conj/Hex       #.....       47%         3    ###....
 Searing Ray              Conj           #.....       52%         2    ###....
 Cause Fear               Hex            ##........   61%         4    #####..
 Fulminant Prism          Conj/Hex       #.........   87%         4    #####..
 Yara's Violent Unravell  Hex/Tmut       #.........   97%         5    ######.
 Force Lance              Conj/Tloc      #.......     99%         4    #####..
 Iskenderun's Mystic Bla  Conj           #.......     99%         4    #####..
 Silence                  Hex/Air        #.........   99%         5    ######.
 Deflect Missiles         Chrm/Air       #.........   100%        6    #######
 Discord                  Hex            ##........   100%        8    #######


Dungeon Overview and Level Annotations

Branches:
Dungeon (10/15)            Temple (1/1) D:6
   Lair: D:8-11         Orc: D:9-12

Altars:
Ashenzari
Cheibriados
Dithmenos
Elyvilon
Fedhas
Gozag
Hepliaklqana
Kikubaaqudgha
Makhleb
Nemelex Xobeh
Okawaru
Qazlal
Ru
Sif Muna
Trog
Uskayaw
Vehumet
Wu Jian
Xom
Yredelemnul
Zin
The Shining One

Shops:
D:9 (

Annotations:
D:9 exclusion: downstairs


Innate Abilities, Weirdness & Mutations

You have razor-sharp teeth.
Your natural rate of healing is unusually fast.
When hurt, damage is shared between your health and your magic reserves.
Your bite disrupts and absorbs the magic of your enemies.
Potions cannot restore your health.
You are immune to rotting.


Message History

Josephine gestures at you while chanting.
The ghostly flame explodes!
The ghostly fireball engulfs you!
You feel drained.
* * * LOW HITPOINT WARNING * * *
The ghostly fireball engulfs the wraith.
The wraith completely resists.
The ghostly fireball engulfs Josephine.
Josephine completely resists.
The wraith closely misses you.
Okay, then.
Blink to where?
Press: ? - help, Dir - move target cursor You can't see that place. [the floor.]
Okay, then.
Unknown command.
Unknown command.
You closely miss Josephine. You bite Josephine.
You kill Josephine!
Your life force feels restored.
You have reached level 11!
The wraith hits you!
You die...

#..........#
#.##.....'..)..
#..........#
#..#.....#####.
########.###
##.'.....# ##
#.# ###.....#
######.#
###'###
#......# #..#
##'#######
###'##
#........#####
#....######
#.......oW@).#
#....'.....
#........###.#
#....######
#........#
#.####....#
#........#
#....#..>.#
#........#
####.#....#
#........#
#.'....#
##########
###....# #....#
####.##


You could see a wraith and an orc priest.

Vanquished Creatures
  Josephine (D:9)
  An unseen horror (D:9)
  Pikel (D:7)
  A hippogriff (D:8)
  A spriggan (D:9)
  6 yaks (D:9)
  3 wraiths (D:9)
  2 wargs (D:9)
  2 orc warriors
  A hornet zombie (D:6)
  A sky beast (D:5)
  A water moccasin (D:6)
  4 ice beasts
  A phantom (D:5)
  3 ogres
  A centaur (D:5)
  2 big kobolds (D:7)
  3 bullfrogs
  Blork the orc (D:6)
  A wyvern zombie (D:7)
  A water moccasin zombie (D:8)
  A scorpion (D:5)
  3 wights (D:8)
  A howler monkey (D:4)
  2 crimson imps
  A centaur zombie (D:9)
  A bullfrog skeleton (D:7)
  8 orc wizards
  9 orc priests
  A centaur skeleton (D:9)
  2 hounds (D:4)
  2 iguanas
  9 worker ants
  2 hound skeletons
  A worker ant zombie (D:9)
  12 adders
  2 shadow imps
  3 adder skeletons
  2 worms
  6 dart slugs
  5 leopard geckos
  44 orcs
  5 giant cockroaches
  11 goblins
  7 hobgoblins
  5 jackals
  6 quokkas
  3 ball pythons
  4 bats
  8 frilled lizards
  17 kobolds
  4 rats
225 creatures vanquished.

Vanquished Creatures (others)
  A slave (D:8)
  A centaur skeleton (D:8)
  An orc wizard (D:8)
  4 orcs (D:8)
7 creatures vanquished.

Grand Total: 232 creatures vanquished

Notes
Turn   | Place    | Note
-------+----------+-------------------------------------------
     0 | D:1      | DrEnzyme the Vine Stalker Wanderer began the quest for the
                  | Orb.
     0 | D:1      | DrEnzyme set off with the following items: a +0 mace, a
                  | potion of lignification, a +0 robe, a ration; and the
                  | following spell memorised: Corona; and the following spells
                  | available to memorise: Ensorcelled Hibernation, Confuse,
                  | Tukima's Dance, Dazzling Spray
     0 | D:1      | Reached XP level 1. HP: 9/9 MP: 2/2
    78 | D:1      | Reached skill level 3 in Maces & Flails
    78 | D:1      | Reached XP level 2. HP: 7/13 MP: 3/3
   591 | D:1      | Reached XP level 3. HP: 15/16 MP: 1/4
  1121 | D:2      | Found a glowing silver altar of Zin.
  1619 | D:2      | Reached skill level 1 in Spellcasting
  1619 | D:2      | Gained mutation: Your natural rate of healing is unusually
                  | fast. [Vine Stalker growth]
  1619 | D:2      | Reached XP level 4. HP: 7/21 MP: 2/6
  2689 | D:3      | Reached XP level 5. HP: 25/25 MP: 6/8
  2878 | D:3      | Reached skill level 1 in Fighting
  3035 | D:3      | Reached skill level 1 in Armour
  3052 | D:3      | Reached skill level 1 in Axes
  3052 | D:3      | Reached skill level 1 in Throwing
  3113 | D:3      | Reached XP level 6. HP: 30/30 MP: 9/9
  3546 | D:4      | Found an ancient bone altar of Kikubaaqudgha.
  4064 | D:4      | Reached XP level 7. HP: 16/33 MP: 3/11
  4106 | D:4      | Reached skill level 1 in Dodging
  4237 | D:5      | Entered Level 5 of the Dungeon
  4585 | D:5      | Gained mutation: You have razor-sharp teeth. [Vine Stalker
                  | growth]
  4585 | D:5      | Reached XP level 8. HP: 38/38 MP: 12/12
  5010 | D:6      | Noticed Blork the orc
  5113 | D:6      | Found a staircase to the Ecumenical Temple.
  5128 | Temple   | Entered the Ecumenical Temple
  5334 | Temple   | Became a worshipper of Ru the Awakened
  5422 | D:6      | Killed Blork the orc
  5515 | D:6      | Reached skill level 4 in Maces & Flails
  5631 | D:7      | Found a stormy altar of Qazlal.
  5886 | D:7      | Reached XP level 9. HP: 19/42 MP: 8/13
  5975 | D:7      | Reached skill level 5 in Maces & Flails
  6396 | D:7      | Found a glowing golden altar of the Shining One.
  6412 | D:7      | Found a shimmering blue altar of Sif Muna.
  6500 | D:7      | Reached skill level 5 in Armour
  6518 | D:7      | Found a hide-covered altar of Uskayaw.
  6599 | D:8      | Noticed Pikel
  6600 | D:8      | Reached skill level 6 in Maces & Flails
  6610 | D:7      | Killed Pikel
  6610 | D:7      | Reached skill level 7 in Maces & Flails
  7053 | D:8      | Reached skill level 8 in Maces & Flails
  7053 | D:8      | Reached XP level 10. HP: 43/47 MP: 12/14
  7602 | D:9      | Reached skill level 9 in Maces & Flails
  7643 | D:9      | Found Nitiunus's Antique Weapon Shop.
  8033 | D:10     | Entered Level 10 of the Dungeon
  8033 | D:10     | Noticed an unseen horror
  8101 | D:9      | Killed an unseen horror
  8214 | D:10     | Noticed Josephine
  8226 | D:9      | Reached skill level 10 in Maces & Flails
  8285 | D:9      | Killed Josephine
  8285 | D:9      | Reached XP level 11. HP: 3/53 MP: 1/15
  8285 | D:9      | Slain by a wraith

Levels and vault maps discovered:
D:1:      onia_arrival_handbag, layout_rooms
D:2:      minmay_skewed_foursquare, layout_basic, overflow_temple_1_default,
          chequers_serial_rivers_small_b
D:3:      cheibrodos_old_hovel, layout_basic, st_stairs_14,
          minmay_goblin_kobold_house
D:4:      layout_loops_ring, lemuel_crystal_altar, first_ration
D:5:      layout_rooms
D:6:      layout_rooms, minmay_temple_entry_tees, uniq_blork_the_orc
D:7:      layout_basic, nicolae_overflow_quartered_altars
D:8:      layout_rooms, uniq_pikel
D:9:      layout_roguey, serial_shops, nicolae_shop_window_shopping, the_bakery
D:10:     layout_long_grid, erik_lair_orcish_takeover, uniq_sonja,
          uniq_josephine
Temple:   regret_index_temple_sphere_string

Skill      XL: |  1  2  3  4  5  6  7  8  9 10 |
---------------+-------------------------------+-----
Maces & Flails | 3 4 8 10 | 10.3
Spellcasting   | 1 2 |  2.5
Stealth        | 2 3 |  3.5
Fighting       | 1 2 3 |  3.9
Armour         | 1 2 3 4 5 6 |  6.3
Axes           | 1 2 3 |  3.9
Throwing       | 1 2 3 |  3.8
Dodging        | 1 2 |  2.8
Hexes          | 4 |  4.0
Transmutations | |  2.0
Evocations     | |  1.0

Action                   |  1- 3 |  4- 6 |  7- 9 | 10-12 || total
-------------------------+-------+-------+-------+-------++-------
Melee: Mace              |    56 |    44 |       |       ||   100
       Bite              |    13 |    30 |    65 |    48 ||   156
       Hand axe          |       |   147 |    51 |       ||   198
       Whip              |       |       |    74 |       ||    74
       Flail             |       |       |     9 |       ||     9
       Morningstar       |       |       |   118 |   170 ||   288
Throw: Javelin           |     6 |    35 |    16 |       ||    57
       Throwing net      |       |       |     1 |       ||     1
       Dart              |       |       |    36 |       ||    36
 Cast: Corona            |    27 |    18 |     2 |       ||    47
Invok: Reject Sacrifices |       |       |     1 |       ||     1
  Use: Scroll            |     2 |     9 |     4 |     3 ||    18
       Potion            |     2 |     1 |     1 |       ||     4
 Stab: Sleeping          |       |     1 |     1 |     3 ||     5
  Eat: Ration            |     1 |       |     1 |       ||     2
       Chunk             |       |     9 |     6 |     4 ||    19
Armor: Robe              |    17 |     9 |       |       ||    26
       Skin              |     5 |     8 |       |       ||    13
       Ring mail         |       |    57 |   108 |    88 ||   253
Dodge: Dodged            |    42 |   102 |   154 |    88 ||   386

Table legend:
 A = Non-vault XP
 B = Vault XP
 C = Vault XP percentage of total XP
 D = Non-vault monster count
 E = Vault monster count
 F = Vault count percentage of total count
                 A         B        C        D         E       F
            +---------+---------+-------+---------+---------+-------
      Total |    6747 |    3005 |  30.8 |     198 |      27 |  12.0
            +---------+---------+-------+---------+---------+-------
        D:1 |      38 |       5 |  11.6 |      20 |       4 |  16.7
        D:2 |      70 |      19 |  21.3 |      17 |       5 |  22.7
        D:3 |     193 |       7 |   3.5 |      30 |       6 |  16.7
        D:4 |     318 |       0 |   0.0 |      17 |       0 |   0.0
        D:5 |     719 |       0 |   0.0 |      11 |       0 |   0.0
        D:6 |     522 |      87 |  14.3 |      14 |       1 |   6.7
        D:7 |    1054 |     651 |  38.2 |      41 |       1 |   2.4
        D:8 |    1111 |       0 |   0.0 |      17 |       0 |   0.0
        D:9 |    2722 |    2236 |  45.1 |      31 |      10 |  24.4
            +---------+---------+-------+---------+---------+-------
